 Dungeon Crawl Stone Soup version 0.24.0-123-gd5b16e6ec5 (webtiles) character file.

Game seed: 17817238072859627169, levelgen mode: deterministic

1286 Norian the Thaumaturge (level 8, -3/41 HPs)
             Began as a Deep Elf Conjurer on Dec 23, 2019.
             Killed from afar by an iron imp (12 damage)
             ... with an iceblast
             ... on level 5 of the Dungeon.
             The game lasted 00:09:52 (5509 turns).

Norian the Thaumaturge (Deep Elf Conjurer)          Turns: 5509, Time: 00:09:53

Health: -3/41      AC:  3    Str: 12    XL:     8   Next: 30%
Magic:  11/22      EV: 13    Int: 21    God:
Gold:   279        SH:  0    Dex: 15    Spells: 15/24 levels left

rFire    . . .     SeeInvis .   n - +1 morningstar of Premature Burial {crush, rElec rPois rC- Str+5}
rCold    x . .     Gourm    .   (no shield)
rNeg     . . .     Faith    .   a - +0 robe
rPois    +         Spirit   .   h - +0 helmet
rElec    +         Reflect  .   (no cloak)
rCorr    .         Harm     .   (no gloves)
MR       .....                  (no boots)
Stlth    ++........             (no amulet)
HPRegen  0.13/turn              i - ring of wizardry
MPRegen  0.18/turn              (no ring)

@: no status effects
A: no striking features
a: no special abilities


You were on level 5 of the Dungeon.
You were not hungry.

You visited 1 branch of the dungeon, and saw 5 of its levels.
You also visited: Sewer.

You collected 279 gold pieces.

Inventory:

Hand Weapons
 n - the +1 morningstar of Premature Burial (weapon) {crush, rElec rPois rC- Str+5}
   (You took it off a kobold in a sewer)

   It inflicts extra damage upon your enemies.
   It affects your strength (+5).
   It makes you vulnerable to cold.
   It insulates you from electricity.
   It protects you from poison.
Armour
 a - a +0 robe (worn)
 h - a +0 helmet (worn)
Jewellery
 i - a ring of wizardry (left hand)
Wands
 y - a wand of flame (47)
Scrolls
 b - 3 scrolls of enchant armour {unknown}
 d - 8 scrolls of identify {unknown}
 f - 2 scrolls of fog {unknown}
 g - 3 scrolls of remove curse {unknown}
 l - 2 scrolls of enchant weapon {unknown}
 m - a scroll of blinking {unknown}
 p - 3 scrolls of noise {unknown}
 w - a scroll of vulnerability {unknown}
 x - a scroll of immolation {unknown}
Potions
 e - a potion of resistance
 j - a potion of magic
 k - 2 potions of brilliance
 o - a potion of agility {unknown}
 q - 2 potions of curing
 r - a potion of lignification {unknown}
 s - a potion of ambrosia {unknown}
 t - 3 potions of heal wounds
 u - 5 potions of flight
 v - a potion of might {unknown}
Comestibles
 c - 8 rations
 z - a chunk of flesh


   Skills:
 - Level 2.4 Dodging
 - Level 2.4 Stealth
 + Level 8.5 Spellcasting
 + Level 8.0 Conjurations
 + Level 6.6 Hexes


You had 15 spell levels left.
You knew the following spells:

 Your Spells              Type           Power        Failure   Level  Hunger
a - Magic Dart            Conj           ####         1%          1    None
b - Iskenderun's Mystic   Conj           #####...     1%          4    ###....
c - Fulminant Prism       Conj/Hex       #####.....   1%          4    ###....

Your spell library contained the following spells:

 Spells                   Type           Power        Failure   Level  Hunger
 Searing Ray              Conj           #####.       1%          2    None
 Dazzling Spray           Conj/Hex       #####.       1%          3    None
 Force Lance              Conj/Tloc      ####....     6%          4    ###....


Dungeon Overview and Level Annotations

Branches:
Dungeon (5/15)              Sewer (visited)
 Temple: D:4-7

Altars:
Cheibriados
Fedhas
Xom
Zin
The Shining One


Message History

Casting: Magic Dart (safe; 1% risk of failure)
Confirm with . or Enter, or press ? or * to list all spells.
Aiming: Magic Dart (safe; 1% risk of failure)
Press: ? - help, Shift-Dir - straight line, f/p - iron imp
Aim: an iron imp, carrying a wand of iceblast (9) (severely wounded)
The magic dart hits the iron imp but does no damage.
The iron imp is severely wounded.
The iron imp zaps a wand.
The mass of ice explodes!
The iceblast engulfs you!!
You feel a painful chill!
* * * LOW HITPOINT WARNING * * *
Casting: Magic Dart (safe; 1% risk of failure)
Confirm with . or Enter, or press ? or * to list all spells.
Aiming: Iskenderun's Mystic Blast (safe; 1% risk of failure)
Press: ? - help, Shift-Dir - straight line, f/p - iron imp
Aim: an iron imp, carrying a wand of iceblast (8) (severely wounded)
The orb of energy hits the iron imp.
The iron imp is almost dead.
The orb of energy explodes!
The iron imp zaps a wand.
The mass of ice explodes!
The iceblast engulfs you!
You feel a painful chill!
You die...

#..#
..#.#....)รท..).#
#.....
###...#########
#..... #..#.##
#.....####.###
.........##.#
.........#.##
..._......##
..........#
.....5.@..#
#.....###.# #....
#.# #... #.# ###
..# ###


You could see an iron imp.

Vanquished Creatures
  Grinder (Sewer)
  Purgy (D:3)
  A necrophage (Sewer)
  A black bear (D:2)
  A big kobold (Sewer)
  A bullfrog (D:3)
  A wight (Sewer)
  A crimson imp (D:5)
  A hound (D:4)
  2 orc priests
  4 orc wizards
  A centaur skeleton (D:5)
  Terence (D:2)
  2 worker ants
  Ijyb (D:5)
  A big kobold zombie (Sewer)
  Robin (D:2)
  3 gnolls (D:2)
  6 adders
  2 shadow imps (Sewer)
  2 ufetubi (Sewer)
  An adder zombie (Sewer)
  A worm (D:2)
  2 leopard geckos
  11 orcs
  3 ball pythons
  8 bats
  10 giant cockroaches
  14 goblins
  8 hobgoblins
  2 jackals (D:2)
  5 quokkas
  3 frilled lizards
  A giant cockroach zombie (Sewer)
  25 kobolds
  14 rats
143 creatures vanquished.

Vanquished Creatures (others)
  5 fulminant prisms
5 creatures vanquished.

Grand Total: 148 creatures vanquished

Notes
Turn   | Place    | Note
-------+----------+-------------------------------------------
     0 | D:1      | Norian the Deep Elf Conjurer began the quest for the Orb.
     0 | D:1      | Reached XP level 1. HP: 10/10 MP: 6/6
   178 | D:1      | Reached XP level 2. HP: 15/15 MP: 1/8
   805 | D:2      | Noticed Robin
   953 | D:2      | Reached skill level 5 in Conjurations
   953 | D:2      | Reached XP level 3. HP: 19/19 MP: 1/10
  1230 | D:2      | Noticed a black bear
  1237 | D:2      | Noticed Terence
  1320 | D:2      | Killed Terence
  1320 | D:2      | Reached XP level 4. HP: 4/24 MP: 4/12
  1327 | D:2      | Learned a level 4 spell: Iskenderun's Mystic Blast
  1333 | D:2      | Learned a level 4 spell: Fulminant Prism
  1412 | D:2      | Reached skill level 5 in Spellcasting
  1619 | D:2      | Killed Robin
  1619 | D:2      | Reached skill level 1 in Hexes
  1758 | D:2      | Found a shimmering altar of Xom.
  1783 | D:2      | Reached XP level 5. HP: 28/28 MP: 8/14
  1933 | D:2      | Killed a black bear
  2276 | D:3      | Found a glowing drain.
  2322 | Sewer    | Entered a sewer
  2444 | Sewer    | Reached XP level 6. HP: 31/32 MP: 11/16
  2584 | Sewer    | Found an ancient bone altar of Kikubaaqudgha.
  2721 | Sewer    | Noticed Grinder
  2903 | Sewer    | Identified the +1 morningstar of Premature Burial {crush,
                  | rElec rPois rC- Str+5}
  2909 | Sewer    | Paralysed by Grinder for 5 turns
  2918 | Sewer    | Killed Grinder
  2918 | Sewer    | Reached XP level 7. HP: 8/36 MP: 1/19
  3302 | D:3      | Found a blossoming altar of Fedhas.
  3356 | D:3      | Found a glowing golden altar of the Shining One.
  3410 | D:3      | Reached skill level 5 in Hexes
  3857 | D:3      | Noticed Purgy
  3864 | D:3      | Killed Purgy
  4304 | D:4      | Reached XP level 8. HP: 29/41 MP: 3/22
  4996 | D:4      | Found a glowing silver altar of Zin.
  5265 | D:5      | Entered Level 5 of the Dungeon
  5279 | D:5      | Noticed Ijyb
  5283 | D:5      | Killed Ijyb
  5497 | D:5      | Found a snail-covered altar of Cheibriados.
  5509 | D:5      | Killed from afar by an iron imp

Levels and vault maps discovered:
D:1:      dpeg_arrival_stone_temple_mockup, layout_basic, serial_forest,
          infiniplex_forest_lined_room_2, infiniplex_forest_clump_long,
          infiniplex_forest_corner_1, infiniplex_forest_end_2,
          infiniplex_forest_clump_diagonal, minmay_misc_feat_cross
D:2:      layout_loops_cross, xom_teletrap_fun, first_ration, uniq_robin,
          uniq_terence
D:3:      layout_basic, lemuel_doored_altar, serial_corexii_hall,
          chequers_hall_statues_corner_a, corexii_hall_statues_i,
          cheibrodos_sewer_entry_drain, fedhas_altar_1, uniq_crazy_yiuf_cottage,
          uniq_purgy
D:4:      layout_basic, zin_treasury
D:5:      layout_loops_ring, slow_altar_1, basic_altar,
          hangedman_decor_peaks_small, nrook_mini_vaults, hex_large,
          grunt_decor_fettered, minmay_stone_trees_large,
          nicolae_ru_great_annihilating_truth, uniq_ijyb

Skill      XL: |  1  2  3  4  5  6  7  8 |
---------------+-------------------------+-----
Spellcasting   | 4 5 7 8 |  8.5
Conjurations   | 5 6 7 8 |  8.0
Hexes          | 1 2 4 5 6 |  6.6
Dodging        | |  2.4
Stealth        | |  2.4

Action                   |  1- 3 |  4- 6 |  7- 9 || total
-------------------------+-------+-------+-------++-------
Melee: Morningstar       |       |       |     6 ||     6
 Cast: Magic Dart        |    81 |   147 |   106 ||   334
       Iskenderun's Myst |       |     6 |    17 ||    23
       Fulminant Prism   |       |     2 |     3 ||     5
  Use: Potion            |     4 |     1 |       ||     5
  Eat: Chunk             |     1 |     4 |     8 ||    13
       Ration            |       |       |     1 ||     1
Armor: Robe              |     1 |     6 |     9 ||    16
Dodge: Dodged            |    12 |    17 |    17 ||    46
